 Seeded DCSS version 0.30.0-29-ga12c61a403 (webtiles) character file.

Game seed: 1914113980068931488 (custom seed)

126 CInkIbrahim the Poker (level 5, -2/32 HPs)
             Began as a Gargoyle Fighter on June 7, 2023.
             Slain by Crazy Yiuf
             ... wielding a +4 quarterstaff of chaos
              (5 damage)
             ... on level 3 of the Dungeon.
             The game lasted 00:03:58 (2464 turns).

CInkIbrahim the Poker (Gargoyle Fighter)            Turns: 2464, Time: 00:03:59

Health: -2/32      AC: 10    Str: 21    XL:     5   Next: 10%
Magic:  5/5        EV:  9    Int:  9    God:
Gold:   79         SH:  4    Dex:  9    Spells: 4/4 levels left

rFire   . . .        a - +0 trident (protect)
rCold   . . .        c - +0 buckler
rNeg    + . .        i - +0 scale mail
rPois   ∞            (no helmet)
rElec   +            (no cloak)
rCorr   .            (no gloves)
SInv    +            (no boots)
Will    .....        e - amulet of regeneration Stlth
                     h - ring of see invisible
HPRegen 1.05/turn    (no ring)
MPRegen 0.09/turn

%: no passive effects
@: mighty
A: sickness immunity, AC +4, negative energy resistance 1, electricity
resistance, torment resistance 1, petrification resistance
a: no special abilities


You were on level 3 of the Dungeon.
You visited 1 branch of the dungeon, and saw 3 of its levels.

You collected 112 gold pieces.
You spent 33 gold pieces at shops.

Inventory:

Hand Weapons
 a - a +0 trident of protection (weapon)
 b - a +1 heavy spear
 n - a +0 dagger of venom
Missiles
 q - 4 poisoned darts (quivered)
Armour
 c - a +0 buckler (worn)
 i - a +0 scale mail (worn)
Jewellery
 e - an amulet of regeneration (around neck)
 h - a ring of see invisible (left hand)
 u - an amulet of faith
Wands
 p - a wand of paralysis (7)
Scrolls
 g - 4 scrolls of poison
 o - a scroll of noise
Potions
 f - 2 potions of curing
 j - a potion of flight
 k - a potion of attraction
 l - a potion of magic
 r - a potion of degeneration {unknown}
 s - a potion of heal wounds


   Skills:
 - Level 3.2 Fighting
 + Level 4.6 Polearms
 - Level 3.2 Armour
 - Level 3.2 Shields


You had 4 spell levels left.
You didn't know any spells.
Your spell library contained the following spells:

 Spells                   Type           Power      Damage    Failure   Level
 Sandblast                Erth           0%         2d4       80%         1
 Passwall                 Tmut/Erth      0%         N/A       90%         2
 Stone Arrow              Conj/Erth      0%         3d7       99%         3


Dungeon Overview and Level Annotations

Branches:
Dungeon (3/15)

Altars:

Shops:
D:2 *   D:3 *

Annotations:
D:3 Crazy Yiuf


Innate Abilities, Weirdness & Mutations

You are immune to sickness and miasma.
Your stone body is resilient. (AC +4)
You are immune to poison.
You resist negative energy. (rN+)
You are resistant to electric shocks. (rElec)
You are resistant to unholy torment.
You are immune to petrification.


Message History

Key pressed, stopping explore.
No target in view!
You see here a +0 dagger.
You see here a quokka corpse.
You see here an adder skeleton.
Crazy Yiuf shouts!
Failed to move towards target.
Could not explore, unopened runed door.
Failed to move towards target.
Could not explore, unopened runed door.
Failed to move towards target.
Could not explore, unopened runed door.
Failed to move towards target.
As you read the scroll of identify, it crumbles to dust.
j - a potion of flight Crazy Yiuf cries, "Whiteboard!"
You feel very mighty all of a sudden.
You open the door.
Crazy Yiuf drinks a potion.
Crazy Yiuf seems to grow stronger.
You reach to attack!
You barely miss Crazy Yiuf.
Crazy Yiuf says, "Whippet!
Rot sing koolooloo."
You block Crazy Yiuf's attack.
You puncture Crazy Yiuf!
Your weapon exudes an aura of protection.
Crazy Yiuf is severely wounded.
Crazy Yiuf hits you with a +4 quarterstaff of chaos!
Space warps around you!
You are too injured to fight recklessly!
You are too injured to fight recklessly!
You barely miss Crazy Yiuf.
Crazy Yiuf is severely wounded.
Crazy Yiuf hits you but does no damage.
You barely miss Crazy Yiuf.
Crazy Yiuf is severely wounded.
Crazy Yiuf hits you with a +4 quarterstaff of chaos!
* * * LOW HITPOINT WARNING * * *
You barely miss Crazy Yiuf.
Crazy Yiuf is severely wounded.
Crazy Yiuf hits you with a +4 quarterstaff of chaos.
You die...

..#####......###.#
##..##........
.....##.#......#.#
##.........##
..........##.#...#
#.###..##..#
#.#.....##########
###...####.# #.#.##..#
#.### #.. #.#.###.##♣♣♣♣♣
#..# ##.
#.#.###..+..♣.♣♣♣ ###
##.### #.
#.#.÷........♣..♣#...#
#....# #.
#.##........♣♣♣♣@g...#
##.#.## #. #.#.<....'.♣♣
♣♣#..)# #....###†
........##♣♣ ###
##..###.. ........#
##.###.# ........#
#......
........#################
#......
........................#
#......
................†.......#
#......
####.............#.....##
#......


You could see Crazy Yiuf (strong).

Vanquished Creatures
  Terence (D:2)
  2 adders (D:3)
  4 worms (D:2)
  A dart slug (D:2)
  8 orcs (D:3)
  5 ball pythons
  An endoplasm (D:1)
  2 giant cockroaches
  6 goblins
  6 hobgoblins
  5 jackals
  4 quokkas
  2 bats (D:2)
  3 frilled lizards
  5 kobolds
  3 rats
58 creatures vanquished.

Notes
Turn   | Place    | Note
-------+----------+-------------------------------------------
     0 | D:1      | CInkIbrahim the Gargoyle Fighter began the quest for the
                  | Orb.
     0 | D:1      | Reached XP level 1. HP: 14/14 MP: 1/1
    62 | D:1      | Reached skill level 2 in Polearms
   263 | D:1      | Reached XP level 2. HP: 18/19 MP: 2/2
   830 | D:2      | Reached skill level 3 in Polearms
   843 | D:2      | Reached XP level 3. HP: 23/23 MP: 3/3
   918 | D:2      | Noticed Terence
   937 | D:2      | Killed Terence
  1097 | D:2      | Reached XP level 4. HP: 21/28 MP: 4/4
  1311 | D:2      | Reached skill level 4 in Polearms
  1363 | D:2      | Found Wosol's General Store.
  1368 | D:2      | Bought a potion of curing for 33 gold pieces
  1937 | D:3      | Found Ismik's General Store.
  2135 | D:3      | Found a runed translucent door.
  2136 | D:3      | Noticed Crazy Yiuf
  2181 | D:3      | Reached XP level 5. HP: 32/32 MP: 5/5
  2463 | D:3      | HP: 1/32 [Crazy Yiuf/+4 quarterstaff of chaos (13)]
  2464 | D:3      | Slain by Crazy Yiuf

Illustrated notes

Levels and vault maps discovered:
D:1:      dpeg_arrival_stone_temple_mockup, layout_basic, corner_web_ring,
          feat_on_display
D:2:      layout_loops_corners, serial_shops, shop, uniq_terence
D:3:      layout_rooms, serial_shops, nicolae_shop_window_shopping,
          minmay_misc_feat_five, uniq_crazy_yiuf_cottage

Skill      XL: |  1  2  3  4 |
---------------+-------------+-----
Polearms       | 2 3 4 |  4.6
Fighting       | |  3.2
Armour         | |  3.2
Shields        | |  3.2

Action                     |  1- 3 |  4- 6 || total
---------------------------+-------+-------++-------
  Melee: Trident           |    91 |   141 ||   232
    Use: Scroll            |     2 |     8 ||    10
         Potion            |     1 |     1 ||     2
 Armour: Scale mail        |    22 |    70 ||    92
  Dodge: Dodged            |    18 |    50 ||    68
  Block: Buckler           |     8 |    14 ||    22
